Map: Oxide LE

Players

Woltstrider - Winner!

  • Race: Zerg Zerg
  • League: Master
  • Spawn Location: 1:00

Osiris

  • Race: Terran Terran
  • League: Diamond
  • Spawn Location: 7:00

VOD

Have the link to the VOD?

Description

Time

  • Played on: Jan. 14, 2021, 4:09 a.m.
  • Length: 4:51
Show
View Real Time Build Order
Export as new Build Order

Woltstrider Zerg - Winner!

Build Orders: Pool Only, Ravager All-In 

Get SALT Encoding   

  12  0:00  Drone  
  13  0:14  Overlord  
  13  0:17  Drone  
  14  0:36  Spawning Pool  
  14  0:37  Drone  
  14  0:40  Drone  
  15  0:44  Drone  
  16  0:50  Drone  
  17  1:09  Extractor  
  17  1:10  Extractor  
  15  1:13  Overlord  
  15  1:23  Queen  
  15  1:24  Roach Warren  
  16  1:26  Zergling x2  
  16  1:27  Zergling x2  
  18  1:37  Drone  
  19  1:41  Drone  
  20  2:08  Roach x2  
  24  2:15  Roach  
  26  2:29  Overlord  
  25  2:37  Roach x2  
  28  2:48  Roach  
  28  2:49  Roach  
  32  2:56  Overlord  
  34  3:05  Roach  
  34  3:09  Ravager x2  
  36  3:15  Ravager  
  36  3:16  Roach  
  39  3:33  Roach x3  
  45  3:45  Ravager  
  46  4:02  Roach  
  46  4:09  Ravager  
  45  4:13  Overlord  
  39  4:27  Roach x3  
Show
View Real Time Build Order
Export as new Build Order

Osiris Terran 

Build Orders: Reaper Expand 

Get SALT Encoding   

  12  0:00  SCV  
  13  0:12  SCV  
  14  0:17  Supply Depot  
  14  0:24  SCV  
  15  0:39  SCV  
  15  0:41  Barracks  
  16  0:44  Refinery  
  16  0:51  SCV  
  17  1:03  SCV  
  18  1:15  SCV  
  19  1:27  Reaper  
  19  1:28  Orbital Command  
  20  1:39  Command Center  
  20  1:47  Supply Depot  
  20  1:54  SCV  
  21  1:59  Marine  
  22  2:09  Command Center  
  22  2:10  SCV  
  23  2:18  Bunker  
  23  2:22  SCV  
  24  2:23  Factory  
  24  2:27  Marine  
  25  2:36  Refinery  
  24  2:43  SCV  
  25  2:45  Marine  
  26  2:59  Bunker, SCV  
  26  3:04  Marine  
  28  3:09  Factory Tech Lab  
  28  3:11  SCV  
  28  3:24  SCV, Starport  
  28  3:34  Marine  
  27  3:42  Cyclone  
  27  3:46  Orbital Command  
  27  3:52  Marine  
  27  4:00  Viking  
  24  4:10  Marine  
  17  4:29  SCV x2  
Tags
 
Add a new tag
Caveats
  • Supply blocks, unpowered buildings, or Contaminate may cause inaccurate times.
  • Supply counts are checked every 10 seconds.